 Dungeon Crawl Stone Soup version 0.27-a0-1196-g3e9cee4cb2 (webtiles) character file.

Game seed: 7658632713726950751

4148 Kinoniko the Swashbuckler (level 10, -2/54 (56) HPs)
             Began as a Kobold Berserker on May 28, 2021.
             Was a High Priest of Trog.
             Slain by a wyvern zombie (7 damage)
             ... on level 8 of the Dungeon.
             The game lasted 00:11:41 (9589 turns).

Kinoniko the Swashbuckler (Kobold Berserker)        Turns: 9589, Time: 00:11:41

HP:   -2/54 (56)    AC: 11    Str: 17      XL:     10   Next: 52%
MP:   10/10         EV: 18    Int:  9      God:    Trog [*****.]
Gold: 471           SH:  6    Dex: 13 (15) Spells: 9/9 levels left

rFire    . . .     SeeInvis .   a - +1 short sword (venom)
rCold    . . .     Faith    .   d - +0 buckler
rNeg     . . .     Spirit   .   w - +0 steam dragon scales
rPois    .         Reflect  .   b - +0 helmet
rElec    .         Harm     .   q - +0 cloak
rCorr    .         Rampage  .   (no gloves)
Will     .....                  (no boots)
Stlth    ++........             (no amulet)
HPRegen  0.18/turn              i - +4 ring of evasion
MPRegen  0.12/turn              p - +4 ring of protection

@: on berserk cooldown, slowed, lightly drained, very slow
A: small, no large weapons, nightstalker 3
a: Renounce Religion, Berserk, Trog's Hand, Brothers in Arms


You were on level 8 of the Dungeon.
You worshipped Trog.
Trog was extremely pleased with you.
You visited 1 branch of the dungeon, and saw 8 of its levels.

You collected 471 gold pieces.

Inventory:

Hand Weapons
 a - a +1 short sword of venom (weapon)
 t - a +2 short sword of holy wrath
Missiles
 r - 4 throwing nets
Armour
 b - a +0 helmet (worn)
 d - a +0 buckler (worn)
 e - a +0 ring mail
 q - a +0 cloak (worn)
 w - +0 steam dragon scales (worn)
Jewellery
 i - a +4 ring of evasion (left hand)
 k - an amulet of regeneration
 p - a +4 ring of protection (right hand)
Wands
 u - a wand of charming (5)
 x - a wand of mindburst (12)
Scrolls
 c - 8 scrolls of teleportation
 f - a scroll of enchant armour
 g - a scroll of summoning {unknown}
 h - a scroll of enchant weapon
 j - 2 scrolls of noise
 l - a scroll of blinking
 o - 2 scrolls of identify
 v - 2 scrolls of fear {unknown}
 y - a scroll of magic mapping {unknown}
Potions
 m - a potion of flight
 n - a potion of degeneration
 s - a potion of lignification
 z - a potion of curing {unknown}
 A - a potion of heal wounds


   Skills:
 - Level 3.4 Fighting
 * Level 15.1 Short Blades
 - Level 1.5 Armour
 - Level 2.4 Dodging
 + Level 6.9 Shields


You had 9 spell levels left.
You didn't know any spells.
Your spell library was empty.

Dungeon Overview and Level Annotations

Branches:
Dungeon (7/15)             Temple (0/1) D:5

Altars:
Ru

Annotations:
D:4 2 transporters, philipeq's ghost, amateur DsMo


Innate Abilities, Weirdness & Mutations

You are small and have problems with some larger weapons.
You are completely attuned to the shadows.


Message History

You hit the wight.
The wight is moderately damaged.
The wyvern zombie closely misses you.
You hit the wight but do no damage.
The wight is moderately damaged.
The wyvern zombie barely misses you. The wight closely misses you.
You hit the wight but do no damage.
The wight is lightly damaged.
The wyvern zombie barely misses you. The wight closely misses you.
You closely miss the wight.
The wight is lightly damaged.
The wyvern zombie closely misses you. You block the wight's attack.
You hit the wight but do no damage.
The wight is lightly damaged.
The wyvern zombie bites you.
You closely miss the wight.
The wight is lightly damaged.
You block the wight's attack. The wyvern zombie bites you.
You hit the wight.
The wight is moderately damaged.
The wyvern zombie closely misses you. You block the wight's attack.
You barely miss the wight.
The wight is moderately damaged.
The wyvern zombie barely misses you. The wight closely misses you.
You hit the wight but do no damage.
The wight is moderately damaged.
You block the wyvern zombie's attack.
You hit the wight but do no damage.
The wight is moderately damaged.
The wight closely misses you. The wyvern zombie bites you.
You closely miss the wight.
The wight is moderately damaged.
The wyvern zombie bites you!
* * * LOW HITPOINT WARNING * * *
The wight hits you with a +2 halberd!
* * * LOW HITPOINT WARNING * * *
You puncture the wight!
The wight is severely damaged.
The wyvern zombie bites you!
You die...

.........
...?.....
..........
.....z....
.....@)...
##+##....Z...
....#........
....#.)......
.....###...##
...........+
####.......#
#..... #.....


You could see a wight and a wyvern zombie.

Vanquished Creatures
  Pikel (D:7)
  Maggie (D:7)
  Prince Ribbit (D:7)
  A wyvern (D:7)
  A steam dragon (D:7)
  An acid dragon (D:6)
  A black bear (D:5)
  An orc warrior (D:5)
  3 ice beasts
  2 ogres (D:5)
  A hornet zombie (D:5)
  2 necrophages
  A lemure (D:7)
  3 phantoms
  A bullfrog (D:6)
  2 gnoll sergeants
  2 scorpions
  5 wights
  3 howler monkeys
  7 hounds
  A jelly (D:5)
  3 orc priests
  3 bullfrog skeletons (D:5)
  A centaur skeleton (D:7)
  A gnoll shaman (D:4)
  5 orc wizards
  A killer bee zombie (D:6)
  A hound zombie (D:5)
  A hound skeleton (D:4)
  Robin (D:3)
  2 howler monkey zombies
  22 gnolls
  5 adders
  3 white imps
  An adder skeleton (D:4)
  2 worms
  4 dart slugs
  30 orcs
  7 endoplasms
  A giant cockroach (D:3)
  7 goblins
  14 hobgoblins
  20 jackals
  9 quokkas
  12 ball pythons
  9 bats
  6 frilled lizards
  A jackal skeleton (D:4)
  11 kobolds
  A rat (D:2)
225 creatures vanquished.

Vanquished Creatures (others)
  A plant (D:4)
1 creature vanquished.

Grand Total: 226 creatures vanquished

Notes
Turn   | Place    | Note
-------+----------+-------------------------------------------
     0 | D:1      | Kinoniko the Kobold Berserker began the quest for the Orb.
     0 | D:1      | Reached XP level 1. HP: 14/14 MP: 1/1
   386 | D:1      | Reached XP level 2. HP: 19/19 MP: 2/2
   858 | D:1      | Reached XP level 3. HP: 23/23 MP: 3/3
   865 | D:1      | Reached ** piety under Trog
   930 | D:1      | Reached skill level 5 in Short Blades
  1408 | D:1      | Found a faded altar of an unknown god.
  1743 | D:2      | Reached skill level 1 in Shields
  1922 | D:2      | Reached XP level 4. HP: 27/28 MP: 4/4
  2219 | D:2      | Found a sacrificial altar of Ru.
  2472 | D:3      | Reached skill level 6 in Short Blades
  2472 | D:3      | Reached XP level 5. HP: 23/32 MP: 5/5
  3270 | D:3      | Noticed Robin
  3275 | D:3      | Reached *** piety under Trog
  3284 | D:3      | Killed Robin
  3455 | D:4      | Found a transporter.
  3457 | D:4      | Noticed philipeq's ghost (amateur DsMo)
  3459 | D:4      | Found a transporter.
  3601 | D:4      | Reached skill level 7 in Short Blades
  3605 | D:4      | Reached XP level 6. HP: 37/37 MP: 6/6
  3920 | D:4      | Reached skill level 8 in Short Blades
  3926 | D:4      | Reached XP level 7. HP: 41/41 MP: 7/7
  4084 | D:4      | Identified the +4 mace "Goqisch Wafi" {vorpal, Str+4 Dex+2}
  4209 | D:4      | Reached **** piety under Trog
  4267 | D:4      | Reached skill level 9 in Short Blades
  4433 | D:4      | Reached XP level 8. HP: 26/46 MP: 8/8
  5093 | D:4      | Reached skill level 10 in Short Blades
  5246 | D:5      | Entered Level 5 of the Dungeon
  5854 | D:5      | Reached ***** piety under Trog
  5901 | D:5      | Reached skill level 11 in Short Blades
  6133 | D:5      | Reached XP level 9. HP: 51/51 MP: 9/9
  6253 | D:5      | Reached skill level 12 in Short Blades
  6258 | D:5      | Reached skill level 5 in Shields
  6479 | D:5      | Found a staircase to the Ecumenical Temple.
  7763 | D:6      | Reached skill level 13 in Short Blades
  8360 | D:7      | Noticed Prince Ribbit
  8373 | D:7      | Killed Prince Ribbit
  8471 | D:7      | Reached XP level 10. HP: 38/56 MP: 10/10
  8645 | D:7      | Reached skill level 14 in Short Blades
  8930 | D:7      | Noticed Pikel
  8953 | D:7      | Killed Pikel
  9349 | D:7      | Noticed Maggie
  9364 | D:7      | Killed Maggie
  9365 | D:7      | Reached skill level 15 in Short Blades
  9530 | D:7      | You fall into a shaft and drop 1 floor!
  9589 | D:8      | Slain by a wyvern zombie

Illustrated notes

Levels and vault maps discovered:
D:1:      dpeg_arrival_boxorama, layout_rooms, basic_ecumenical_altar,
          minmay_split_cup_small
D:2:      layout_loops_cross, basic_altar
D:3:      layout_basic, grunt_decor_cap, uniq_robin
D:4:      lemuel_castle_with_subvaults [lemuel_castle_interior_carwin_3],
          layout_loops_cross, gammafunk_ghost_arena,
          hangedman_abyss_or_decor_slice
D:5:      layout_loops_ring, minmay_temple_entry_poolview,
          minmay_divided_ellipse
D:6:      layout_loops_corners, minivault_4, minmay_tree_intersection
D:7:      layout_basic, minmay_misc_feat_plants, minmay_fountain_box,
          roderic_lattice_a, uniq_pikel, uniq_maggie, uniq_prince_ribbit1,
          uniq_menkaure
D:8:      layout_basic

Skill      XL: |  1  2  3  4  5  6  7  8  9 10 |
---------------+-------------------------------+-----
Short Blades   | 5 6 7 8 9 11 13 15 | 15.1
Shields        | 1 2 3 4 6 |  6.9
Fighting       | |  3.4
Armour         | |  1.5
Dodging        | |  2.4

Action                   |  1- 3 |  4- 6 |  7- 9 | 10-12 || total
-------------------------+-------+-------+-------+-------++-------
Melee: Short sword       |   139 |   266 |   504 |   107 ||  1016
Invok: Berserk           |     4 |     6 |     4 |     3 ||    17
  Use: Scroll            |       |     8 |     2 |       ||    10
       Potion            |       |     1 |     1 |     5 ||     7
 Stab: Sleeping          |     7 |     5 |     5 |     1 ||    18
       Distracted        |       |       |     1 |       ||     1
Armor: Animal skin       |     3 |       |       |       ||     3
       Ring mail         |    28 |    63 |    66 |    25 ||   182
       Skin              |       |       |       |    11 ||    11
       Steam dragon scal |       |       |       |     1 ||     1
Dodge: Dodged            |    86 |   221 |   185 |    69 ||   561
Block: Buckler           |    23 |    63 |    84 |    30 ||   200

Table legend: (Time is in decaauts)
 A = Elapsed time spent in this place.
 B = Non-inter-level travel time spent in this place.
 C = Inter-level travel time spent in this place.
 D = Time resting spent in this place.
 E = Time spent auto-exploring this place.
 F = Levels seen in this place.
 G = Mean time per level.
                   A        B        C        D        E       F      G
               +--------+--------+--------+--------+--------+-----+--------+
         Total |   9436 |   9113 |    323 |   1870 |   5927 |   8 | 1179.5 |
       Dungeon |   9436 |   9113 |    323 |   1870 |   5927 |   8 | 1179.5 |
               +--------+--------+--------+--------+--------+-----+--------+

Top non-repeatable levels by time:
     D:5: 1814 daAuts
     D:4: 1746 daAuts
     D:1: 1475 daAuts
     D:6: 1173 daAuts
     D:7: 1152 daAuts
     D:3: 1081 daAuts
     D:2: 949 daAuts
     D:8: 44 daAuts
